 Dungeon Crawl Stone Soup version 0.31-a0-83-gbff143cfd1 (webtiles) character file.

Game seed: 4259560586512691026

4367 Sobieck the Thaumaturge (level 10, 0/50 HPs)
             Began as a Deep Elf Conjurer on May 24, 2023.
             Was a Believer of Vehumet.
             Killed from afar by a steam dragon (18 damage)
             ... with a ball of steam
             ... on level 8 of the Dungeon.
             The game lasted 00:20:02 (9476 turns).

Sobieck the Thaumaturge (Deep Elf Conjurer)         Turns: 9476, Time: 00:20:03

Health: 0/50       AC:  7    Str:  4    XL:     10   Next: 13%
Magic:  12/27      EV: 17    Int: 28    God:    Vehumet [**....]
Gold:   526        SH:  5    Dex: 13    Spells: 16/31 levels left

rFire   . . .        h - staff of air
rCold   . . .        (no shield)
rNeg    . . .        a - +1 robe
rPois   .            (no helmet)
rElec   +            n - scarf {shadows}
rCorr   .            d - +0 pair of gloves
SInv    +            y - +2 pair of boots
Will    +....        f - amulet of reflection
Stlth   ++           B - +5 ring of evasion
HPRegen 0.28/turn    s - ring of see invisible
MPRegen 0.20/turn

%: reflection
@: no status effects
A: no striking features
a: Renounce Religion


You were on level 8 of the Dungeon.
You worshipped Vehumet.
Vehumet was pleased with you.
You visited 2 branches of the dungeon, and saw 10 of its levels.

You collected 586 gold pieces.
You spent 60 gold pieces at shops.

Inventory:

Missiles
 F - 2 curare-tipped darts
Armour
 a - a +1 robe (worn)
 d - a +0 pair of gloves (worn)
 n - a scarf of shadows (worn)
 x - a +0 tower shield
 y - a +2 pair of boots (worn)
Magical Staves
 h - a staff of air (weapon)
 k - a staff of fire
 v - a staff of cold
Jewellery
 f - an amulet of reflection (around neck)
 g - a ring of resist corrosion
 s - a ring of see invisible (right hand)
 B - a +5 ring of evasion (left hand)
Wands
 i - a wand of mindburst (8)
 z - a wand of quicksilver (9)
 I - a wand of iceblast (3)
 P - a wand of paralysis (9)
 V - a wand of flame (19)
Scrolls
 l - 5 scrolls of fear
 m - a scroll of brand weapon
 r - a scroll of noise
 w - a scroll of amnesia {unknown}
 T - 5 scrolls of teleportation
Potions
 b - 2 potions of magic
 c - a potion of might
 e - a potion of heal wounds
 j - 3 potions of lignification
 o - a potion of invisibility {unknown}
 p - a potion of enlightenment
 q - a potion of attraction
 t - 2 potions of brilliance
 u - a potion of cancellation
 A - 2 potions of mutation
 H - 2 potions of haste
 Q - 3 potions of curing


   Skills:
 - Level 2.4 Dodging
 - Level 2.4 Stealth
 - Level 11.0 Spellcasting
 - Level 8.0 Conjurations
 - Level 8.0 Hexes
 - Level 4.0 Translocations
 + Level 8.6 Fire Magic


You had 16 spell levels left.
You knew the following spells:

 Your Spells              Type           Power      Damage    Failure   Level
a - Magic Dart            Conj           100%       1d8       1%          1
b - Searing Ray           Conj           100%       2d8       1%          2
c - Fulminant Prism       Conj/Hex       25%        3d14      2%          4
d - Iskenderun's Mystic   Conj/Tloc      41%        2d9       5%          4
e - Sticky Flame          Conj/Fire      53%        2d7       1%          4

Your spell library contained the following spells:

 Spells                   Type           Power      Damage    Failure   Level
 Scorch                   Fire           100%       2d9       1%          2
 Dazzling Flash           Conj/Hex       100%       N/A       1%          3
 Ignite Poison            Fire/Tmut/Pois 21%        N/A       7%          3
 Ignition                 Fire           29%        3d9       100%        8


Dungeon Overview and Level Annotations

Branches:
Dungeon (9/15)             Temple (1/1) D:5            Lair (0/5) D:8
    Orc: D:9-12

Altars:
Ashenzari
Cheibriados
Dithmenos
Elyvilon
Fedhas
Gozag
Hepliaklqana
Kikubaaqudgha
Okawaru
Qazlal
Ru
Sif Muna
Trog
Uskayaw
Vehumet
Wu Jian
The Shining One

Shops:
D:6 ?   D:9 =

Annotations:
D:8 1 transporter, Unforgiven's ghost, novice GrFi


Message History

Aiming: Fulminant Prism (dangerous; 2% risk of failure)
Press: ? - help, Dir - move target You conjure a prism of explosive energy!
A fulminant prism comes into view.
The steam dragon breathes steam at you. The ball of steam hits you!!
Casting: Fulminant Prism (dangerous; 2% risk of failure)
Confirm with . or Enter, or press ? or * to list all spells.
You erupt in a blast of force!
The mystic blast hits the orc warrior.
The orc warrior is lightly wounded.
You are engulfed in a cloud of scalding steam.
Your fulminant prism crackles loudly.
Casting: Iskenderun's Mystic Blast (dangerous; 5% risk of failure)
Confirm with . or Enter, or press ? or * to list all spells.
You erupt in a blast of force!
The mystic blast hits the steam dragon but does no damage.
The mystic blast hits the orc warrior.
The orc warrior is lightly wounded.
The orc warrior is knocked back by the mystic blast.
The orc warrior collides with the gnoll!
The gnoll is heavily wounded.
You hear a shout!
Your fulminant prism explodes!
The blast of energy engulfs the orc warrior!
The orc warrior is heavily wounded.
The blast of energy engulfs the gnoll!!!
You kill the gnoll!
Vehumet accepts your kill.
The blast of energy engulfs the steam dragon!!
The steam dragon is severely wounded.
You hear a shout!
You hear an angry buzzing noise. x2; You hear a shout!
You are engulfed in a cloud of scalding steam.
You block the steam dragon's attack. The steam dragon closely misses you.
You climb upwards.
Level annotation: 1 transporter, Unforgiven's ghost, novice GrFi
There is a stone staircase leading down here.
Unknown command.
Unknown command.
Casting: Iskenderun's Mystic Blast (dangerous; 5% risk of failure)
Confirm with . or Enter, or press ? or * to list all spells.
Aiming: Sticky Flame (dangerous; 1% risk of failure)
Press: ? - help, Shift-Dir - straight line, f - steam dragon
Aim: a steam dragon (severely wounded)
The sticky flame hits the steam dragon.
The steam dragon is severely wounded.
The steam dragon is covered in liquid flames!
The steam dragon burns!
The steam dragon breathes steam at you. The ball of steam hits you!!
You die...

..#########................#.#
..#.... ##...#####.#.#####.#
..#..# ##.## #.#.#####.# ..#.#
### #.#.......# ..#.#..
#.######### .©#$.## #.#
..#O... #.# .©#W.##
###########<##### ..#O#..
#......@........# ..#O#..
######.D##...##.# ..#..#
#..........###### ..#.... ###
#...............# ..########.#
#..........####.# ####
###...#####.##...##.# #.# ...#
#.......# #.........# #.# ##.#
#.......# #####.##### #.# ...#
#.......# ##'## #.#


You could see a steam dragon (burning, catching breath).

Vanquished Creatures
  Joseph (D:8)
  2 trolls (D:9)
  2 hornets
  Grinder (D:6)
  2 wyverns (D:8)
  A water moccasin (D:7)
  Duvessa (D:7)
  3 orc warriors
  7 ogres
  A centaur (D:6)
  3 kobold brigands
  A bullfrog (D:7)
  3 scorpions
  Dowan (D:7)
  4 killer bees
  4 hounds
  4 orc priests
  2 gnoll boudas
  4 jellies
  3 iguanas
  A sleepcap (D:5)
  6 orc wizards
  13 gnolls
  5 adders
  2 ufetubi
  A worm (D:3)
  2 dart slugs
  23 orcs
  6 bats
  3 endoplasms
  2 giant cockroaches
  4 goblins
  6 hobgoblins
  4 jackals (D:2)
  3 quokkas
  5 ball pythons
  A frilled lizard (D:1)
  13 kobolds
  2 rats
  A spectral orc (D:8)
153 creatures vanquished.

Vanquished Creatures (others)
  83 fulminant prisms
83 creatures vanquished.

Grand Total: 236 creatures vanquished

Notes
Turn   | Place    | Note
-------+----------+-------------------------------------------
     0 | D:1      | Sobieck the Deep Elf Conjurer began the quest for the Orb.
     0 | D:1      | Reached XP level 1. HP: 10/10 MP: 6/6
   165 | D:1      | Reached skill level 1 in Hexes
   250 | D:1      | Reached XP level 2. HP: 15/15 MP: 0/8
   596 | D:1      | Learned a level 2 spell: Searing Ray
   936 | D:2      | Reached XP level 3. HP: 19/19 MP: 3/10
  1004 | D:2      | Reached skill level 4 in Spellcasting
  1232 | D:2      | Reached XP level 4. HP: 24/24 MP: 7/12
  1307 | D:2      | Learned a level 4 spell: Fulminant Prism
  2390 | D:4      | Noticed a scorpion
  2397 | D:4      | Killed a scorpion
  2398 | D:4      | Reached skill level 3 in Hexes
  2398 | D:4      | Reached XP level 5. HP: 28/28 MP: 5/14
  2470 | D:4      | Reached skill level 5 in Spellcasting
  2480 | D:4      | Noticed an orc warrior
  2679 | D:4      | Noticed an ogre
  2682 | D:4      | Noticed an ogre
  2714 | D:4      | Killed an ogre
  2715 | D:4      | Reached XP level 6. HP: 32/32 MP: 3/16
  2723 | D:3      | Reached skill level 6 in Spellcasting
  2723 | D:3      | Reached skill level 6 in Conjurations
  3196 | D:4      | Found a shadowy altar of Dithmenos.
  3216 | D:4      | Killed an orc warrior
  3217 | D:4      | Reached XP level 7. HP: 33/36 MP: 2/18
  3427 | D:4      | Found a white marble altar of Elyvilon.
  3535 | D:5      | Entered Level 5 of the Dungeon
  3611 | D:5      | Found a staircase to the Ecumenical Temple.
  3619 | Temple   | Entered the Ecumenical Temple
  3624 | Temple   | Became a worshipper of Vehumet
  3671 | D:4      | Identified a scroll of acquirement
  3671 | D:4      | Acquired an Everburning Encyclopedia
  3993 | D:5      | Reached skill level 7 in Spellcasting
  3993 | D:5      | Reached skill level 6 in Hexes
  3998 | D:5      | Learned a level 4 spell: Iskenderun's Mystic Blast
  4766 | D:6      | Reached XP level 8. HP: 25/41 MP: 15/21
  4894 | D:6      | Reached skill level 8 in Spellcasting
  5180 | D:6      | Noticed Grinder
  5186 | D:6      | Paralysed by Grinder for 4 turns
  5191 | D:6      | Killed Grinder
  5267 | D:6      | Reached skill level 9 in Spellcasting
  5267 | D:6      | Reached skill level 1 in Translocations
  5309 | D:6      | Reached skill level 3 in Translocations
  5456 | D:6      | Noticed a hornet
  5472 | D:6      | Killed a hornet
  5621 | D:6      | Found Kerghiq's Magic Scroll Boutique.
  5627 | D:6      | Reached * piety under Vehumet
  5627 | D:6      | Offered knowledge of Sandblast by Vehumet.
  5656 | D:6      | Bought a scroll of noise for 12 gold pieces
  5656 | D:6      | Bought a scroll of identify for 24 gold pieces
  5656 | D:6      | Bought a scroll of identify for 24 gold pieces
  5667 | D:6      | Found an ancient bone altar of Kikubaaqudgha.
  5667 | D:6      | Found an opulent altar of Gozag.
  6345 | D:7      | Reached XP level 9. HP: 43/45 MP: 17/24
  6350 | D:7      | Learned a level 4 spell: Sticky Flame
  6447 | D:7      | Noticed Duvessa
  6451 | D:7      | Noticed Dowan
  6456 | D:7      | Killed Duvessa
  6457 | D:7      | Reached skill level 1 in Fire Magic
  6468 | D:7      | Killed Dowan
  6869 | D:7      | Found a hide-covered altar of Uskayaw.
  6869 | D:7      | Noticed a +0 spear
  6871 | D:7      | Noticed a +0 falchion
  6871 | D:7      | Noticed a +0 short sword
  6872 | D:7      | Noticed a +0 short sword
  6873 | D:7      | Noticed a +0 spear
  6873 | D:7      | Noticed a +0 dagger
  6873 | D:7      | Noticed a +0 dagger
  6873 | D:7      | Noticed a +0 falchion
  7014 | D:7      | Reached skill level 10 in Spellcasting
  7014 | D:7      | Reached skill level 3 in Fire Magic
  7973 | D:8      | Noticed Joseph
  7981 | D:8      | Killed Joseph
  7982 | D:8      | Reached skill level 11 in Spellcasting
  8283 | D:8      | Reached skill level 6 in Fire Magic
  8710 | D:8      | Noticed Unforgiven's ghost (novice GrFi)
  8711 | D:8      | Identified the +9 great mace of No Interval {vamp, *Slow
                  | Str+7}
  8711 | D:8      | Noticed a two-headed ogre
  8712 | D:8      | Found a transporter.
  8757 | D:8      | Found a staircase to the Lair.
  8799 | D:8      | Found a hazy altar of Hepliaklqana.
  9134 | D:9      | Noticed a troll
  9134 | D:9      | Found Ahorghis's Jewellery Shop.
  9139 | D:9      | Killed a troll
  9139 | D:9      | Noticed a two-headed ogre
  9140 | D:9      | Reached XP level 10. HP: 50/50 MP: 17/27
  9222 | D:9      | Reached ** piety under Vehumet
  9291 | D:9      | Offered knowledge of Scorch by Vehumet.
  9476 | D:8      | Killed from afar by a steam dragon

Illustrated notes

Levels and vault maps discovered:
D:1:      scummos_arrival_star, layout_rooms
D:2:      layout_basic
D:3:      layout_basic
D:4:      layout_basic, amcnicky_altar_gilded, lemuel_crystal_altar
D:5:      layout_loops_ring, minmay_temple_entry_statues_fountains
D:6:      layout_loops_ring, nicolae_overflow_two_pavilions, serial_shops,
          nicolae_shop_trees, uniq_grinder
D:7:      layout_basic, nicolae_uskayaw_en_pointe, uniq_duvessa
D:8:      layout_loops_corners, nicolae_hepliaklqana_monster_ancestors,
          lair_entry_dummy, gammafunk_ghost_smash, uniq_joseph
D:9:      layout_cave_pools, grunt_temple_overflow_order_and_chaos_1,
          erik_orc_4, enter_bailey_2, serial_shops, shop, grunt_livestock,
          minmay_shop_enchanted_jewellery
Temple:   minmay_freezing_vapour_temple

Skill      XL: |  1  2  3  4  5  6  7  8  9 10 |
---------------+-------------------------------+-----
Hexes          | 1 2 3 4 5 6 8 |  8.0
Spellcasting   | 4 5 6 7 9 11 | 11.0
Conjurations   | 5 6 7 8 |  8.0
Translocations | 4 |  4.0
Fire Magic     | 7 8 |  8.6
Dodging        | |  2.4
Stealth        | |  2.4

Action                     |  1- 3 |  4- 6 |  7- 9 | 10-12 || total
---------------------------+-------+-------+-------+-------++-------
  Melee: Staff             |     1 |       |       |       ||     1
   Cast: Magic Dart        |    54 |    52 |    37 |       ||   143
         Searing Ray       |     4 |     7 |    14 |       ||    25
         Fulminant Prism   |       |     9 |    69 |     5 ||    83
         Iskenderun's Myst |       |       |     3 |    11 ||    14
         Sticky Flame      |       |       |     3 |     1 ||     4
    Use: Scroll            |       |       |    19 |       ||    19
 Armour: Robe              |     1 |       |     3 |       ||     4
  Dodge: Dodged            |     5 |     3 |    12 |     4 ||    24
  Block: Other             |       |       |     3 |     4 ||     7
         Reflection        |       |       |     1 |       ||     1

Table legend: (Time is in decaauts)
 A = Elapsed time spent in this place.
 B = Non-inter-level travel time spent in this place.
 C = Inter-level travel time spent in this place.
 D = Time resting spent in this place.
 E = Time spent auto-exploring this place.
 F = Levels seen in this place.
 G = Mean time per level.
                   A        B        C        D        E       F      G
               +--------+--------+--------+--------+--------+-----+--------+
         Total |   9480 |   9129 |    351 |   1345 |   6750 |  10 |  948.0 |
       Dungeon |   9469 |   9118 |    351 |   1345 |   6750 |   9 | 1052.1 |
        Temple |     10 |     10 |      0 |      0 |      0 |   1 |   10.0 |
               +--------+--------+--------+--------+--------+-----+--------+

Top non-repeatable levels by time:
     D:8: 1807 daAuts
     D:6: 1406 daAuts
     D:7: 1386 daAuts
     D:5: 1192 daAuts
     D:2: 1011 daAuts
     D:3: 991 daAuts
     D:4: 919 daAuts
     D:1: 689 daAuts
     D:9: 65 daAuts
  Temple: 10 daAuts
